 Dungeon Crawl Stone Soup version 0.29-a0-275-g389c0b56f3 (webtiles) character file.

Game seed: 260992920330380749

65 bande the Covered (level 4, -2/28 HPs)
             Began as a Gargoyle Fighter on Mar 10, 2022.
             Slain by a gnoll
             ... wielding a +0 flail
              (9 damage)
             ... on level 1 of the Dungeon.
             The game lasted 00:01:37 (1360 turns).

bande the Covered (Gargoyle Fighter)                Turns: 1360, Time: 00:01:37

Health: -2/28      AC: 10    Str: 19    XL:     4   Next: 13%
Magic:  4/4        EV:  9    Int:  9    God:
Gold:   85         SH:  5    Dex: 11    Spells: 3/3 levels left

rFire   . . .      SeeInvis .   a - +1 war axe
rCold   . . .      Faith    .   c - +1 buckler
rNeg    + . .      Spirit   .   b - +0 scale mail
rPois   ∞          Reflect  .   (no helmet)
rElec   +          Harm     .   (no cloak)
rCorr   .          Rampage  .   (no gloves)
Will    .....                   (no boots)
Stlth   ..........              (no amulet)
HPRegen 0.09/turn               (no ring)
MPRegen 0.09/turn               (no ring)

@: no status effects
A: sickness immunity, AC +3, negative energy resistance 1, electricity
resistance, torment resistance 1, petrification resistance
a: no special abilities


You were on level 1 of the Dungeon.
You visited 1 branch of the dungeon, and saw 2 of its levels.

You collected 85 gold pieces.

Inventory:

Hand Weapons
 a - a +1 war axe (weapon)
Armour
 b - a +0 scale mail (worn)
 c - a +1 buckler (worn)
Jewellery
 f - a ring of ice
Scrolls
 g - 2 scrolls of identify {unknown}
 h - a scroll of enchant weapon
Potions
 d - a potion of might
 e - a potion of berserk rage {unknown}
 i - a potion of magic {unknown}
 j - a potion of cancellation {unknown}
 k - a potion of degeneration {unknown}
 m - 2 potions of curing {unknown}


   Skills:
 + Level 3.6 Fighting
 + Level 2.9 Axes
 + Level 3.9 Armour
 + Level 3.6 Shields


You had 3 spell levels left.
You didn't know any spells.
Your spell library was empty.

Dungeon Overview and Level Annotations

Branches:
Dungeon (2/15)

Altars:


Innate Abilities, Weirdness & Mutations

You are immune to sickness and miasma.
Your stone body is resilient. (AC +3)
You are immune to poison.
You resist negative energy. (rN+)
You are resistant to electric shocks. (rElec)
You are resistant to unholy torment.
You are immune to petrification.


Message History

Moving in this stuff is going to be slow.
Found a stone staircase leading up.
You now have 85 gold pieces (gained 11). 2 gnolls come into view.
The gnoll shouts! x2
A gnoll comes into view. It is wielding a +0 flail.
The gnoll shouts!
You slash the gnoll!
You kill the gnoll!
You have reached level 4!
You feel clever.
There is a stone staircase leading up here.
The gnoll hits you from afar with a +0 spear.
You climb upwards.
There is a stone staircase leading down here.
You start resting.
HP restored.
You start waiting.
Done waiting.
You climb downwards.
The gnoll barely misses you. The gnoll hits you with a +0 flail!
There is a stone staircase leading up here.
The gnoll hits you with a +0 flail. The gnoll barely misses you.
You climb upwards.
There is a stone staircase leading down here.
You closely miss the gnoll. You hit the gnoll. You block the gnoll's attack.
The gnoll hits you with a +0 spear! The gnoll hits you with a +0 flail.
* * * LOW HITPOINT WARNING * * *
The gnoll misses you.
You are too injured to fight recklessly!
You are too injured to fight recklessly!
You are too injured to fight recklessly!
You hit the gnoll but do no damage.
The gnoll is lightly wounded.
You barely miss the gnoll. The gnoll hits you but does no damage.
You block the gnoll's attack.
You hit the gnoll.
The gnoll is severely wounded.
You slash the gnoll! The gnoll hits you with a +0 flail!
You die...

..##### ##...#..#####
#.....####..#....####
#####....÷..........#
###..##.##......#
#######.)...##......#
......÷...####......#
..............#######
######...####..g###
...# #...# ###g@.##
##.###...# ###..#
.........# ##.##
######...# #..# #
#...# ###.##### #
#...##### #.......# #
#.......# #.......#
## #######.#
#.......# .#
#.####..)....#


You could see 2 gnolls.

Vanquished Creatures
  2 adders (D:2)
  A gnoll (D:2)
  2 ball pythons
  5 endoplasms
  3 goblins (D:1)
  4 hobgoblins
  4 jackals (D:2)
  A quokka (D:2)
  4 bats
  2 frilled lizards (D:1)
  3 kobolds
  4 rats
35 creatures vanquished.

Notes
Turn   | Place    | Note
-------+----------+-------------------------------------------
     0 | D:1      | bande the Gargoyle Fighter began the quest for the Orb.
     0 | D:1      | Reached XP level 1. HP: 14/14 MP: 1/1
   289 | D:1      | Reached XP level 2. HP: 18/19 MP: 2/2
   657 | D:1      | Found a faded altar of an unknown god.
   805 | D:2      | Reached XP level 3. HP: 19/23 MP: 3/3
  1230 | D:2      | Reached XP level 4. HP: 28/28 MP: 4/4
  1360 | D:1      | Slain by a gnoll

Illustrated notes

Levels and vault maps discovered:
D:1:      wander_arrival_desolate, layout_rooms,
          chequers_ecumenical_altar_simple_redux
D:2:      layout_rooms, serial_bayou_pond_e, minmay_splitting_lines

Skill      XL: |  1  2 |
---------------+-------+-----
Axes           | 2 |  2.9
Fighting       | |  3.6
Armour         | |  3.9
Shields        | |  3.6

Action                   |  1- 3 |  4- 6 || total
-------------------------+-------+-------++-------
Melee: War axe           |    78 |     3 ||    81
  Use: Scroll            |     6 |       ||     6
Armor: Scale mail        |    45 |     1 ||    46
Dodge: Dodged            |    31 |     3 ||    34
Block: Buckler           |    16 |     2 ||    18

Table legend: (Time is in decaauts)
 A = Elapsed time spent in this place.
 B = Non-inter-level travel time spent in this place.
 C = Inter-level travel time spent in this place.
 D = Time resting spent in this place.
 E = Time spent auto-exploring this place.
 F = Levels seen in this place.
 G = Mean time per level.
                   A        B        C        D        E       F      G
               +--------+--------+--------+--------+--------+-----+--------+
         Total |   1399 |   1378 |     21 |    121 |   1029 |   2 |  699.5 |
       Dungeon |   1399 |   1378 |     21 |    121 |   1029 |   2 |  699.5 |
               +--------+--------+--------+--------+--------+-----+--------+

Top non-repeatable levels by time:
     D:1: 944 daAuts
     D:2: 454 daAuts
